[Event "Open Cappelle-la-Grande"]
[Date "2025.02.20"]
[White "Sorensen, Hampus"]
[Black "Raja Rithvik R"]
[WhiteElo "2430"]
[BlackElo "2522"]
[Round "8.8.4"]
[Result "1/2-1/2"]
[TimeControl "40/5400+30:1800+30"]

1. d4 Nf6 2. Bf4 d5 3. e3 e6 4. Nf3 c5 5. Nbd2 Bd6 6. Bxd6 Qxd6 7. dxc5 Qxc5 8. c4 O-O 9. Be2 Nc6 10. O-O b6 11. cxd5 Qxd5 12. Qa4 Bb7 13. Rfd1 Rfd8 14. Nb3 Qe4 15. Qxe4 Nxe4 16. a3 Kf8 17. Kf1 e5 18. Nbd2 Nd6 19. Nc4 Nxc4 20. Bxc4 f6 21. Bd5 Rac8 22. Ke1 Rxd5 23. Rxd5 Nb4 24. Rdd1 Nc2+ 25. Kd2 Nxa1 26. Rxa1 Kf7 27. Ne1 Ke6 28. f3 f5 29. a4 a5 30. Ra3 g5 31. Rc3 Rxc3 32. Kxc3 Bc6 33. b3 h5 34. g3 h4 35. gxh4 gxh4 36. Kd2 Kd6 37. Kc3 Ke6 38. Kd2 Kd6 39. Kc3 Bb7 40. Kc4 Bd5+ 41. Kc3 Bb7 42. Kd2 Bd5 43. Kc3 Bc6 44. Kc4 Bd5+ 45. Kc3 Bc6 46. Kc4 Bb7 47. Kc3 Ba6 48. Kd2 Kd5 49. Kc3 h3
50. Kd2 Bf1 51. Kc3 Kc5 52. f4 1/2-1/2

[Variant "Standard"]
[Site "Europe Echecs"]

[Event "Open Cappelle-la-Grande"]
[Date "2025.02.20"]
[White "Bacrot, Alexandre"]
[Black "Muthaiah AL"]
[WhiteElo "2423"]
[BlackElo "2474"]
[Round "8.8.5"]
[Result "*"]
[TimeControl "40/5400+30:1800+30"]

1. e4 c5 2. d4 cxd4 3. Qxd4 Nc6 4. Qe3 Nf6 5. Nf3 d5 6. exd5 Nxd5 7. Qb3 e6 8. Be2 Qc7 9. O-O Be7 10. Nc3 Nf4 11. Bb5 Bd7 12. Bxf4 Qxf4 13. Rad1 O-O-O 14. Rfe1 Qc7 15. Nd4 Na5 16. Qa4 a6 17. Bxd7+ Rxd7 18. Nf5 Rxd1 19. Nxe7+ Qxe7 20. Rxd1 Nc6 21. Qe4 g6 22. a3 Rd8 23. Rxd8+ Qxd8 24. Qf4 f5 25. Qc4 Qd6 26. h3 Qe5 27. Kf1 Kc7 28. Qh4 Qg7 29. Qf4+ Kc8 30. Qd6 Qd7 31. Qxd7+ Kxd7 32. Ke2 Kd6 33. Kd2 g5 34. Ne2 Ne5 35. b3 Ng6 36. g3 h5 37. f4 gxf4 38. Nxf4 Nxf4 39. gxf4 h4 40. Ke3 e5 41. c4 a5 42. b4 e4 43. Kd4 b6 44. Ke3 Kc6 45. Kd4 Kd6 46. Ke3 Kc6 *

[Variant "Standard"]
[Site "Europe Echecs"]

[Event "Open Cappelle-la-Grande"]
[Date "2025.02.20"]
[White "Wirig, Anthony"]
[Black "Eugene, Floryan"]
[WhiteElo "2419"]
[BlackElo "2468"]
[Round "8.8.6"]
[Result "1/2-1/2"]
[TimeControl "40/5400+30:1800+30"]

1. d4 Nf6 2. c4 g6 3. Nc3 Bg7 4. e4 d6 5. Be2 O-O 6. h4 c5 7. d5 e6 8. h5 exd5 9.
exd5 Nbd7 10. h6 Bh8 11. Bg5 Re8 12. Rh4 b5 13. cxb5 a6 14. Kf1 axb5 15. Bxb5 Qb6 16. a4 Ba6 17. Nf3 Bxb5+ 18. axb5 Qb7 19. Rxa8 Rxa8 20. Ra4 Nb6 21. Rxa8+ Qxa8 22. Bf4 Ne8 23. g3 Bxc3 24. bxc3 Qxd5 25. Qxd5 Nxd5 26. Nd2 Kf8 27.
Nc4 Ke7 28. b6 Kd7 29. b7 Kc7 30.
Bxd6+ Kxb7 31. Bxc5 Nxc3 32. Ne5 Ne4 33. Be7 1/2-1/2

[Variant "Standard"]
[Site "Europe Echecs"]

[Event "Open Cappelle-la-Grande"]
[Date "2025.02.20"]
[White "Flom, Gabriel"]
[Black "Abergel, Thal"]
[WhiteElo "2455"]
[BlackElo "2419"]
[Round "8.8.7"]
[Result "0-1"]
[TimeControl "40/5400+30:1800+30"]

1. d4 Nf6 2. c4 e6 3. Nc3 d5 4. cxd5 exd5 5. Bg5 Be7 6. e3 h6 7. Bh4 Bg4 8. Nf3 Nbd7 9. Bd3 O-O 10. h3 Be6 11. Bg3 c5 12. O-O c4 13. Bc2 a6 14. Ne5 b5 15. Nc6 Qe8 16. a3 Nb6 17. Nxe7+ Qxe7 18. Bh4 Rac8 19. f3 g5 20. Bf2 Qd7 21. e4 Rc6 22. h4 Nh5 23. Qd2 f6 24. Rae1 Rc7 25. e5 Qg7 26. exf6 Rxf6 27. hxg5 hxg5 28. Re5 Nf4 29. Bg3 Rc6 30. Rfe1 Qh6 31. Bh2 Kf7 32. g4 Qh4 33. Bxf4 Rxf4 34. R5e3 Bxg4 35. Re7+ Kf6 36. Ne2 Rxf3 37. Rh7 Rg3+ 38. Nxg3 Qxg3+ 39. Qg2 Qxe1+ 40.
Kh2 Re6 0-1

[Variant "Standard"]
[Site "Europe Echecs"]

[Event "Open Cappelle-la-Grande"]
[Date "2025.02.20"]
[White "Kanov, Nikola"]
[Black "Duboue, Peio"]
[WhiteElo "2405"]
[BlackElo "2440"]
[Round "8.8.8"]
[Result "1/2-1/2"]
[TimeControl "40/5400+30:1800+30"]

1. e4 e5 2. Nf3 Nc6 3. Bc4 Nf6 4. d3 Bc5 5. O-O O-O 6. c3 d5 7. exd5 Nxd5 8. Re1 Bg4 9. h3 Bh5 10. Nbd2 Nb6 11. b4 Be7 12. Qe2 Nxc4 13. Nxc4 Bf6 14. b5 Nb4 15. cxb4 e4 16. Bg5 exf3 17. Bxf6 fxe2 18. Bxd8 Raxd8 19. f3 Bg6 20. Na5 Bxd3 21. Nxb7 Rd4 22. a4 Rxb4 23. Nc5 Bc4 24. Kf2 h6 25. Na6 Rb2 26. Rac1 Bb3 27. Rxc7 Bxa4 28. Rxa7 Bd1 29. Rb7 Rd8 30. Nb8 g5 31. Nc6 Re8 32. Nd4 Re5 33. b6 Rd5 34. Nc6 Kg7 35. Ne7 Re5 36. Nc8 Re6 37. Rc7 Ba4 38. Re7 Rxe7 39. Nxe7 Bd1 40. Nd5 Rb5 41. Nc3 Rxb6 42. Nxd1 exd1=Q 43.
Rxd1 1/2-1/2

[Variant "Standard"]
[Site "Europe Echecs"]

[Event "Open Cappelle-la-Grande"]
[Date "2025.02.20"]
[White "Travadon, Loic"]
[Black "Pranesh M"]
[WhiteElo "2401"]
[BlackElo "2586"]
[Round "8.8.9"]
[Result "0-1"]
[TimeControl "40/5400+30:1800+30"]

1. e4 c5 2. Nf3 Nc6 3. Bb5 e6 4. O-O Nge7 5. Re1 a6 6. Bxc6 Nxc6 7. d4 cxd4 8. Nxd4 Nxd4 9. Qxd4 b5 10. Nc3 Bb7 11. a4 Bc6 12. axb5 axb5 13. Rxa8 Qxa8 14. Bf4 f6 15. Bd6 Kf7 16. h3 Qa5 17. b4 Qa8 18. Bxf8 Rxf8 19. Qc5 Qa6 20. Re3 Qb7 21. Rg3 Qb8 22. Rd3 Kg8 23. Qd6 Qxd6 24. Rxd6 Ra8 25. f3 Kf7 26. Kf2 Ra3 27. Rd3 e5 28. Ke2 Ke6 29. Kf2 g6 30. Ke3 h5 31. g4 h4 32. f4 exf4+ 33. Kxf4 g5+ 34. Ke3 Ke5 35. Kd2 d6 36. Ke2 Ra1 37. Rf3 Bd7 38. Nd5 Be6 39. Nc3 Bc4+ 40. Ke3 Re1+ 41. Kd2 Rf1 42. Ke3 Rxf3+ 43. Kxf3 Kd4 44. Nd1 Bf7 45. Ne3 Bg6 46. c3+ Ke5 0-1

[Variant "Standard"]
[Site "Europe Echecs"]

[Event "Open Cappelle-la-Grande"]
[Date "2025.02.20"]
[White "Karthik Venkataraman"]
[Black "Gatineau, Yovann"]
[WhiteElo "2600"]
[BlackElo "2358"]
[Round "8.8.10"]
[Result "1-0"]
[TimeControl "40/5400+30:1800+30"]

1. e4 g6 2. d4 d5 3. exd5 Qxd5 4. Nc3 Qd8 5. Bf4 Bg7 6. Nf3 Nf6 7. Qd2 c6 8. Be2 Be6 9. h4 Nbd7 10. Ng5 Bd5 11. Nxd5 cxd5 12. c3 Qb6 13. a4 O-O 14. a5 Qc6 15. O-O Rfe8 16. Qe3 e5 17. dxe5 Ne4 18. Bd1 Bxe5 19. Ba4 Qc7 20. Bxe5 Rxe5 21. Nf3 Re7 22. Bxd7 Rxd7 23. Rfe1 Nd6 24. h5 Nf5 25. Qd2 Qc5 26. Re5 Rad8 27. Rae1 Re7 28. Rxe7 Nxe7 29. Qg5 Nc6 30. Nh2 Qxa5 31. Ng4 Qa2 32. Qxd8+ Nxd8 33. Re8+ Kg7 34. h6# 1-0

[Variant "Standard"]
[Site "Europe Echecs"]

[Event "Open Cappelle-la-Grande"]
[Date "2025.02.20"]
[White "Laurent-Paoli, Pierre"]
[Black "Das, Arghyadip"]
[WhiteElo "2565"]
[BlackElo "2350"]
[Round "8.8.11"]
[Result "1/2-1/2"]
[TimeControl "40/5400+30:1800+30"]

1. e4 e5 2. Nf3 Nc6 3. Bb5 a6 4. Ba4 Nf6 5. O-O Nxe4 6. d4 b5 7. Bb3 d5 8. dxe5 Be6 9. c3 Be7 10. Nbd2 Nc5 11. Bc2 d4 12. Nb3 dxc3 13. Nxc5 Bxc5 14. Be4 Qd7 15. Qc2 Bd5 16. bxc3 Bxe4 17. Qxe4 Rd8 18. Bg5 Be7 19. h4 Qd5 20. Qf4 O-O 21. Rfd1 Qe6 22. Bxe7 Nxe7 23. Ng5 Qf5 24. Qxf5 Nxf5 25. e6 Rxd1+ 26. Rxd1 Nd6 27. e7 Re8 28. f3 h6 29. Nh3 Rxe7 30. Nf4 Re5 31. Nd5 Ne8 32. Nb4 a5 33. Nc6 Rc5 34. Nxa5 Rxc3 35. Rd8 Kf8 36. Rb8 Rc5 37. Nb3 Rd5 38. Kf2 Ke7 39. Ke3 Nd6 40. g4 h5 41. Nd4 Kd7 42. Ne2 Re5+ 43. Kf2 c5 44. Ra8 b4 45. Nf4 hxg4 46. fxg4 c4 47. h5 Re4 48. Kf3 c3 49. Ra7+ Kc6 50. Nd3 Kb6 51. Rd7 Rd4 52. Nxb4 Kb5 53. Nc2 Rd2 54. Ne3 Kc6 55. Rd8 c2 56. Nxc2 Rxc2 57. Rg8 Kd5 58. Rxg7 Rxa2 59. g5 Rh2 60. h6 Ke6 61. g6 Rxh6 62. gxf7 Nxf7 63. Rg8 Rh3+ 64.
Ke2 Nd6 65. Ra8 Ke5 66. Ra5+ Kf4 67.
Ra8 Nc4 68. Rf8+ Ke4 69. Re8+ Ne5 70.
Kd2 Rd3+ 71. Kc2 Rd7 72. Rh8 Ke3 73.
Rh3+ Nf3 74. Kc3 Rc7+ 75. Kb4 Ke4 76.
Rh1 Rc8 77. Rh7 Ne5 78. Rh4+ Kd5 79.
Rh5 Rc7 80. Kb3 Kd4 81. Rh4+ Ke3 82.
Rh3+ Nf3 83. Kb4 Kd4 1/2-1/2

[Variant "Standard"]
[Site "Europe Echecs"]

[Event "Open Cappelle-la-Grande"]
[Date "2025.02.20"]
[White "Harutjunyan, Gevorg"]
[Black "Girel, Joseph"]
[WhiteElo "2350"]
[BlackElo "2484"]
[Round "8.8.12"]
[Result "0-1"]
[TimeControl "40/5400+30:1800+30"]

1. e4 c5 2. Nf3 Nc6 3. d4 cxd4 4. Nxd4 Nf6 5. Nc3 e6 6. Ndb5 Bc5 7. Nd6+ Ke7 8. Bf4 e5 9. Nf5+ Kf8 10. Bg5 Bb4 11. Ne3 h6 12. Bxf6 Bxc3+ 13. bxc3 Qxf6 14. Qd3 h5 15. Be2 d6 16. O-O Rh6 17. Rad1 Qg5 18. Rd2 Kg8 19. Rfd1 a6 20. Nc4 Bg4 21. Qg3 Qf4 22. Bxg4 hxg4 23. Nxd6 b5 24. Rd5 Re6 25. Nb7 Rc8 26. Nc5 Rf6 27. Qxf4 exf4 28. Nxa6 Ra8 29. Nc7 Rxa2 30. R5d2 f3 31. Nxb5 Rb2 32. Nd6 Re6 33. c4 Ra2 34. Kh1 g6 35. h3 gxh3 36. gxf3 Rf6 37. c5 Rxf3 38. Nc4 Ra4 39. Nd6 Ra5 40. c4 Ne5 41. Rd5 Ng4 42. c6 Rxf2 43. c7 Rh2+ 44. Kg1 Rg2+ 45. Kf1 Ne3+ 46. Ke1 Nc2+ 47. Kf1 Ne3+ 48. Ke1 Ra8 49. Ra5 Nc2+ 50. Kf1 Ne3+ 51. Ke1 Rf8 0-1

[Variant "Standard"]
[Site "Europe Echecs"]

[Event "Open Cappelle-la-Grande"]
[Date "2025.02.20"]
[White "Lucas, Arthur"]
[Black "Petriashvili, Nikoloz"]
[WhiteElo "2320"]
[BlackElo "2450"]
[Round "8.8.13"]
[Result "0-1"]
[TimeControl "40/5400+30:1800+30"]

1. e4 g6 2. d4 Bg7 3. Nf3 d6 4. Bd3 Nf6 5. O-O O-O 6. Re1 Nc6 7. h3 e5 8. c3 Bd7 9. Be3 a5 10. a4 h6 11. Na3 exd4 12. cxd4 Re8 13. Nd2 Nb4 14. Bb1 b6 15. Nb5 Nh5 16. Nc3 Bc8 17. Na2 c5 18. Nc4 Ba6 19. Nxb4 axb4 20. Ba2 Rxe4 21. Qc2 Nf6 22. Nd2 Re7 23. Qxg6 b3 24. Bxb3 c4 25. Qg3 cxb3 26. Bxh6 Rxe1+ 27. Rxe1 Nh5 28. Qg4 Qf6 29. Bxg7 Nxg7 30. Ne4 Qg6 31. Qf3 Rd8 32. Nf6+ Kh8 33. Re4 Nf5 34. Rf4 Bc8 35. Nd5 Nh6 36. Rf6 Qg5 37. Ne7 Bb7 38. d5 Re8 39. Rxh6+ Qxh6 40. Qxf7 Rxe7 41. Qxe7 Bxd5 42. Qe8+ Bg8 43.
Qe1 Qf6 44. Qd2 d5 45. f4 d4 46. f5 Bd5 47. g4 Qe5 48. Qh6+ Kg8 49. Qg6+ Kf8 50. Qh6+ Ke8 51. Kf2 Kd7 0-1

[Variant "Standard"]
[Site "Europe Echecs"]

[Event "Open Cappelle-la-Grande"]
[Date "2025.02.20"]
[White "Prraneeth Vuppala"]
[Black "Degardin, Sylvain"]
[WhiteElo "2442"]
[BlackElo "2309"]
[Round "8.8.14"]
[Result "1-0"]
[TimeControl "40/5400+30:1800+30"]

1. e4 e5 2. Nf3 Nc6 3. Bb5 a6 4. Ba4 Nf6 5. O-O Be7 6. Re1 b5 7. Bb3 O-O 8. h3 Bb7 9. Nc3 Nd4 10. Nxd4 exd4 11. Nd5 Nxd5 12. Bxd5 Bxd5 13. exd5 Bf6 14. d3 Re8 15. Bf4 d6 16. Qg4 Qc8 17. Rxe8+ Qxe8 18. Bd2 c5 19. Re1 Qc8 20. Qxc8+ Rxc8 21. Bf4 Rd8 22.
Bxd6 c4 23. Bc7 Rf8 24. d6 Bd8 25. dxc4 bxc4 26. Rd1 Bf6 27. d7 Ra8 28. Re1 1-0

[Variant "Standard"]
[Site "Europe Echecs"]

[Event "Open Cappelle-la-Grande"]
[Date "2025.02.20"]
[White "Barp, Alberto"]
[Black "Kurmangaliyeva, Liya"]
[WhiteElo "2437"]
[BlackElo "2251"]
[Round "8.8.15"]
[Result "1-0"]
[TimeControl "40/5400+30:1800+30"]

1. d4 d5 2. c4 e6 3. Nf3 Nf6 4. g3 Bb4+ 5. Bd2 Be7 6. Bg2 O-O 7. O-O c6 8. Qc2 Nbd7 9. b4 Ne4 10. Be1 f5 11. a4 g5 12. a5 Bf6 13. Qb2 Qe7 14. e3 Qg7 15. Nc3 h5 16. Ne2 g4 17. Nh4 Nd6 18. cxd5 exd5 19. b5 Bxh4 20. gxh4 Nf6 21. Bb4 Rd8 22. Bxd6 Rxd6 23. Qb4 Rd8 24. Nf4 Bd7 25. a6 Rab8 26. bxc6 bxc6 27. Qc5 Bc8 28. Rfb1 Rxb1+ 29. Rxb1 Qd7 30. Rb8 Ne8 31. Ra8 Qd6 32. Rxa7 Qxc5 33. dxc5 Rd7 34. Rxd7 Bxd7 35. a7 Nc7 36. Nxd5 cxd5 37. Bxd5+ Kf8 38. a8=Q+ Nxa8 39. Bxa8 Ke7 40.
Kg2 1-0

[Variant "Standard"]
[Site "Europe Echecs"]

[Event "Open Cappelle-la-Grande"]
[Date "2025.02.20"]
[White "Meillon, Judicael"]
[Black "Nikolov, Momchil"]
[WhiteElo "2321"]
[BlackElo "2433"]
[Round "8.8.16"]
[Result "1/2-1/2"]
[TimeControl "40/5400+30:1800+30"]

1. d4 Nf6 2. Bf4 d5 3. e3 c5 4. c3 Nc6 5. Nd2 Bf5 6. a4 e6 7. Ngf3 Be7 8. dxc5 Bxc5 9. Nd4 Nxd4 10. exd4 Bd6 11. Bb5+ Kf8 12. Qf3 h6 13. O-O Kg8 14. Rfe1 Kh7 15. Bd3 Bxd3 16. Qxd3+ g6 17. Be5 Bxe5 18. dxe5 Nd7 19. a5 Nc5 20. Qd4 Qe7 21. Re3 Kg7 22. Qf4 Rac8 23. Qd4 Ra8 24. Qf4 Rac8 25. Qd4 1/2-1/2

[Variant "Standard"]
[Site "Europe Echecs"]

[Event "Open Cappelle-la-Grande"]
[Date "2025.02.20"]
[White "Bournel, Antoine"]
[Black "Boumrar, Ayrad"]
[WhiteElo "2432"]
[BlackElo "2194"]
[Round "8.8.17"]
[Result "1-0"]
[TimeControl "40/5400+30:1800+30"]

1. d4 Nf6 2. c4 e6 3. Nc3 Bb4 4. Qc2 d5 5. cxd5 exd5 6. Bf4 O-O 7. e3 c5 8. dxc5 Be6 9. Nf3 Nbd7 10. Bd6 Re8 11. Bd3 Nxc5 12. Bxc5 Bxc5 13. O-O Bg4 14. Be2 Qe7 15. Rad1 Rad8 16. Nd4 Bxe2 17. Ncxe2 g6 18. Qb3 Bd6 19. Nf3 Rd7 20. Rd3 Red8 21. Nc3 Bb8 22. Rfd1 Qe6 23. Qa4 a6 24. Qb3 h6 25. Na4 Ba7 26. Nc3 Bb8 27. h3 Kg7 28. Na4 Ba7 29. Nc3 Bb8 30. Na4 Ba7 31. Nd4 Qe5 32. Qb4 Ne4 33. Nf3 Qe6 34. Nc3 Nf6 35. Qa4 Bb6 36. Ne2 Bc7 37. Rd4 Ne4 38. Qb3 Kg8 39. Kf1 Bb8 40. Rb4 b5 41. Rbd4 Qf5 42. Nc3 Nf6 43. R4d3 Kg7 44. Nd4 Qh5 45. Nc6 Rc8 46. Nxd5 Ne4 47. Nf4 Qh4 48. g3 Qf6 49. Nxb8 Rdc7 50. Nd7 Qf5 51. Rd5 Rc1 52. Rxf5 Nd2+ 53. Kg2 Nxb3 54. Rfd5 1-0

[Variant "Standard"]
[Site "Europe Echecs"]

[Event "Open Cappelle-la-Grande"]
[Date "2025.02.21"]
[White "Boyer, Mahel"]
[Black "Iniyan, Pa"]
[WhiteElo "2509"]
[BlackElo "2523"]
[Round "9.9.1"]
[Result "1/2-1/2"]
[TimeControl "40/5400+30:1800+30"]

1. Nf3 d5 2. g3 Nf6 3. Bg2 c6 4. O-O Bf5 5. d3 Nbd7 6. Nh4 Bg6 7. Nxg6 hxg6 8. e4 dxe4 9. dxe4 e5 10. Qe2 Bc5 11. Nd2 Qe7 12. Nb3 Bb6 13. a4 a5 14. Qc4 Nc5 15. Nxc5 Qxc5 16. Qxc5 Bxc5 17. Bf3 O-O-O 18. c3 Ne8 19. Rd1 Rxd1+ 20. Bxd1 Nd6 21. Bf3 Kc7 22. h4 1/2-1/2

[Variant "Standard"]
[Site "Europe Echecs"]

[Event "Open Cappelle-la-Grande"]
[Date "2025.02.21"]
[White "Girel, Joseph"]
[Black "Abergel, Thal"]
[WhiteElo "2484"]
[BlackElo "2419"]
[Round "9.9.2"]
[Result "1-0"]
[TimeControl "40/5400+30:1800+30"]

1. d4 Nf6 2. c4 e6 3. Nf3 b6 4. g3 Bb7 5. Bg2 Be7 6. O-O O-O 7. h4 c6 8. Nc3 d5 9. Qd3 a5 10. b3 Na6 11. Bb2 a4 12. Nxa4 Nb4 13. Qd1 dxc4 14. bxc4 b5 15. Nc5 Bxc5 16. dxc5 Qxd1 17. Rfxd1 Nxa2 18. Ne5 bxc4 19. Nxc4 Nd5 20. e4 Ndc3 21. Rd2 Ra4 22. Nb6 Rb4 23. Rc2 Rb3 24. Bf1 Nb4 25. Rxc3 Rxb2 26. Nc4 Ra2 27. Rb1 Na6 28. Rxb7 Nxc5 29. Rb2 Ra1 30. Re3 g6 31. e5 Rc1 32. Kg2 Ra8 33. Nd6 Kg7 34. Rb6 Nd7 35. Rb7 Rd8 36. Rf3 Nxe5 37. Nxf7 Rd7 38. Rxd7 Nxd7 39. Ng5 1-0

[Variant "Standard"]
[Site "Europe Echecs"]

[Event "Open Cappelle-la-Grande"]
[Date "2025.02.21"]
[White "Dionisi, Thomas"]
[Black "Karthik Venkataraman"]
[WhiteElo "2400"]
[BlackElo "2600"]
[Round "9.9.3"]
[Result "1-0"]
[TimeControl "40/5400+30:1800+30"]

1. e4 c5 2. Nf3 Nc6 3. Bb5 g6 4. Bxc6 dxc6 5. d3 Qc7 6. a4 e5 7. a5 Nf6 8. Qd2 Nh5 9.
Qc3 f6 10. Be3 Qe7 11. a6 b6 12. b4 c4 13. Qxc4 Qxb4+ 14. Nbd2 Qxc4 15. Nxc4 Be6 16. Nfd2 Bb4 17. O-O Nf4 18. Rfb1 c5 19. Kf1 O-O-O 20. Rc1 Bc3 21. Ra3 Bd4 22. Bxf4 exf4 23. c3 Be5 24. d4 Bc7 25. d5 Bd7 26. Rb3 Rde8 27. f3 g5 28. Re1 Ba4 29. Rb2 Rd8 30. Na3 Be5 31. Rc1 f5 32. Ndc4 Bc7 33. Nb5 Bxb5 34. Rxb5 fxe4 35. fxe4 Rhe8 36. Re1 Be5 37. Rb3 Rd7 38. Kf2 g4 39. h3 h5 40. hxg4 hxg4 41. Rh1 Bg7 42. Rxb6 axb6 43. Nxb6+ Kc7 44. Nxd7 Bxc3 45.
Rh7 Bd4+ 46. Kf1 Ra8 47. Nxc5+ Kb6 48.
Ne6 Be5 49. a7 Rxa7 50. Rxa7 Kxa7 51.
Nc5 Bd4 52. Nd3 Be3 53. Ne5 f3 54. Nxg4 fxg2+ 55. Kxg2 Bg5 56. Kf3 Kb6 57. e5 Kc5 58. Ke4 Bh4 59. Ne3 Bg5 60. Nf5 Bd8 61. e6 1-0

[Variant "Standard"]
[Site "Europe Echecs"]

[Event "Open Cappelle-la-Grande"]
[Date "2025.02.21"]
[White "Pranesh M"]
[Black "Sorensen, Hampus"]
[WhiteElo "2586"]
[BlackElo "2430"]
[Round "9.9.4"]
[Result "1-0"]
[TimeControl "40/5400+30:1800+30"]

1. e4 e5 2. Nf3 Nc6 3. Bc4 Nf6 4. d3 d5 5. exd5 Nxd5 6. O-O Nb6 7. Bb5 Bd6 8. Bxc6+ bxc6 9. Nxe5 Bxe5 10. Re1 Qe7 11. f4 Bd4+ 12. Kh1 Be6 13. f5 O-O 14. fxe6 fxe6 15. Nd2 Nd5 16. Nf3 c5 17. c3 Bf6 18. Bd2 Rab8 19. Qc2 Rb6 20. Rad1 Qf7 21. Re4 Rd8 22. Rde1 Rbd6 23. Qa4 Nb6 24. Qxa7 Rxd3 25. Be3 R3d5 26. Bf4 R5d7 27. Qb7 Nd5 28. Bg3 Ne7 29. Rxe6 Nf5 30. Bf2 Rd6 31. Rxd6 cxd6 32. Qe4 Ne7 33. a4 Qd5 34. Qe2 Qb3 35. a5 Ra8 36. Ra1 h6 37. a6 Kh8 38. Bg3 Nf5 39. Bf4 Qd5 40. Qb5 Qe4 41. Qb7 1-0

[Variant "Standard"]
[Site "Europe Echecs"]

[Event "Open Cappelle-la-Grande"]
[Date "2025.02.21"]
[White "Tahay, Alexis"]
[Black "Bauer, Christian"]
[WhiteElo "2386"]
[BlackElo "2548"]
[Round "9.9.5"]
[Result "0-1"]
[TimeControl "40/5400+30:1800+30"]

1. e4 g6 2. d4 Bg7 3. Nf3 d6 4. Be2 c5 5. d5 Nf6 6. Nc3 O-O 7. O-O Na6 8. Bf4 Nc7 9. a4 Bg4 10. h3 Bxf3 11. Bxf3 Nd7 12. Qd2 a6 13. Be2 Rb8 14. a5 b5 15. axb6 Rxb6 16. Na4 Rb4 17. c3 Rxe4 18. Bf3 Rxf4 19. Qxf4 Ne5 20. Rfd1 e6 21. c4 Qb8 22. Be2 Re8 23. Bf1 exd5 24. cxd5 Qb3 25. Qd2 Nd7 26. Nc3 Rb8 27. Ne4 Qb6 28. Rab1 Nf6 29. Nc3 Qb4 30. Qd3 Nd7 31. Re1 Be5 32. Qc4 Nf6 33. Ne4 Ncxd5 34. Nxf6+ Nxf6 35. Qxa6 Kg7 36. b3 h5 37. Qc4 Qa5 38. Qa4 Qd2 39. Bc4 Qf4 40. g3 Qf5 41. Qa7 Rf8 42. Kg2 h4 43. Be2 hxg3 44. fxg3 Qg5 45. g4 Qf4 46. Qb7 Ne4 0-1

[Variant "Standard"]
[Site "Europe Echecs"]

[Event "Open Cappelle-la-Grande"]
[Date "2025.02.21"]
[White "Raja Rithvik R"]
[Black "Bacrot, Alexandre"]
[WhiteElo "2522"]
[BlackElo "2423"]
[Round "9.9.6"]
[Result "1-0"]
[TimeControl "40/5400+30:1800+30"]

1. e4 e5 2. Nf3 Nc6 3. Bb5 a6 4. Ba4 Nge7 5. Nc3 g6 6. d4 exd4 7. Nd5 Bg7 8. Bg5 h6 9. Bf6 Kf8 10. Bxg7+ Kxg7 11. Bxc6 Nxc6 12. Qd3 d6 13. Nxd4 Ne5 14. Qc3 c6 15. Ne3 f6 16. O-O-O Re8 17. h4 h5 18. f3 Qe7 19. Kb1 Bd7 20. g4 hxg4 21. h5 c5 22. Ne2 Nxf3 23. hxg6 Rh8 24. Nd5 Qe5 25. Nb6 Qxc3 26. bxc3 Rae8 27. Rxh8 Rxh8 28.
Nxd7 Rh2 29. Ng3 Kxg6 30. Rxd6 Rg2 31.
Nxf6 Kg5 32. Nfh5 Kh4 33. Rd5 Rxg3 34. Nxg3 Kxg3 35. e5 Ng5 36. Rd6 Ne4 37. Rd3+ Kf2 38. e6 g3 39. e7 Nf6 40. Rd6 Ne8 41. Rd8 g2 42. Rxe8 g1=Q+ 43. Kb2 Qg6 44. Rf8+ 1-0

[Variant "Standard"]
[Site "Europe Echecs"]

[Event "Open Cappelle-la-Grande"]
[Date "2025.02.21"]
[White "Muthaiah AL"]
[Black "Wirig, Anthony"]
[WhiteElo "2474"]
[BlackElo "2419"]
[Round "9.9.7"]
[Result "1/2-1/2"]
[TimeControl "40/5400+30:1800+30"]

1. d4 Nf6 2. c4 e6 3. Nf3 d5 4. Nc3 Be7 5. Bf4 O-O 6. e3 Nbd7 7. cxd5 exd5 8. h3 c6 9. Bd3 Re8 10. O-O Nf8 11. Ne5 Ne6 12. Bh2 c5 13. dxc5 Nxc5 14. Bb5 Rf8 15. Be2 Qb6 16. Nd3 Ne6 17. Be5 d4 18. Bxf6 Bxf6 19. Nd5 Qd8 20. e4 Ng5 21. Nxf6+ Qxf6 22. e5 Qg6 23. Kh2 Ne4 24. Qe1 b6 25. Rc1 Bb7 26. f3 Ng5 27. f4 Ne6 28. Qf2 f5 29. Bf3 Qf7 30. Bxb7 Qxb7 31. Qc2 Rac8 32. Qb3 Qd7 33. a4 Kh8 34. Qb4 h6 35. a5 bxa5 36. Qxa5 Qb7 37. Qa2 Rce8 38. Qc4 Rf7 39. Qc6 Qb8 40. Qd5 Qb7 41. Qxb7 Rxb7 42. b4 a5 43. bxa5 Ra7 44. Ra1 Rea8 45. g4 fxg4 46. f5 Ng5 47. hxg4 Rxa5 48. Rxa5 Rxa5 49. e6 Ra2+ 50. Rf2 Rxf2+ 51. Nxf2 Kg8 52. Kg3 Nh7 53. Kf4 Kf8 54. Ke5 Nf6 55. Kxd4 Ke8 56. Ke5 Ke7 57. Kf4 Nd5+ 58. Ke4 Nf6+ 59. Ke5 Kd8 60. Kf4 Nd5+ 61. Kf3 Ke7 62. Nd3 g6 63. Nf4 gxf5 64. gxf5 Nf6 65. Ke3 Kd6 66. Kd4 Ne8 67. Nh5 Nc7 68. Ng7 h5 69. Ke4 h4 70. Kf4 h3 71. Kg3 Ke5 72. Kxh3 Kf6 73. Kg4 Kxg7 74. Kg5 Nd5 75. e7 Nxe7 76. f6+ Kf7 77. fxe7 Kxe7 1/2-1/2

[Variant "Standard"]
[Site "Europe Echecs"]

[Event "Open Cappelle-la-Grande"]
[Date "2025.02.21"]
[White "Eugene, Floryan"]
[Black "Kanov, Nikola"]
[WhiteElo "2468"]
[BlackElo "2405"]
[Round "9.9.8"]
[Result "1/2-1/2"]
[TimeControl "40/5400+30:1800+30"]

1. e4 e6 2. d4 d5 3. Nc3 Bb4 4. Ne2 Nf6 5. e5 Nfd7 6. f4 O-O 7. a3 Be7 8. Be3 c5 9. Qd2 Nc6 10. g3 b6 11. h4 Ba6 12. Bh3 Qc7 13. Bf2 cxd4 14. Nxd4 Nc5 15. Bg2 Rfd8 16. Ncb5 Qd7 17. Nxc6 Qxc6 18. Nd4 Qc7 19. O-O-O Rac8 20. Kb1 Ne4 21. Bxe4 dxe4 22. Rhe1 Bb7 23. Qe2 Bd5 24. Nb5 Qb7 25. Rd4 a6 26. Nc3 Rxc3 27. bxc3 b5 28. Kb2 Rc8 29. Rxe4 Bxe4 30. Qxe4 Qc7 31. Bd4 a5 32. Re3 Bf8 33. Qd3 Rb8 34. Re1 b4 35. cxb4 axb4 36. a4 Rd8 37. Rd1 Rd5 38. Kb3 Qd7 39. Qe4 h5 40. Rd3 Ra5 41. Kb2 Qxa4 42. Kc1 Ra8 43. Bb2 Rc8 44. Rf3 g6 45. Kb1 Qa7 46. Qd4 Qb7 47. Qd1 Qe4 48. Rd3 Qc4 49. Rd4 Qc6 50. Rd3 Qa4 51. Rd4 Ra8 52. Qd3 Qa2+ 53. Kc1 Rc8 54. Rd8 Rxd8 55. Qxd8 b3 56. Qd4 Ba3 57. cxb3 Qxb3 58. Bxa3 Qxa3+ 59. Kd2 Qxg3 60. Qd8+ Kh7 61. Qf6 Qg2+ 62. Kc3 Qc6+ 63. Kb4 Qc7 64. Kb5 Kg8 65. Kb4 Qb6+ 66. Kc4 Qc6+ 67. Kd4 Qd5+ 68. Ke3 Qc5+ 69. Ke4 Qc7 70. Ke3 Kf8 71. Qh8+ Ke7 72. Qf6+ Ke8 73. Ke4 Qc4+ 74. Ke3 Qb3+ 75. Kd4 Qb4+ 76. Ke3 Qf8 77. Kd4 Kd7 78. Kd3 Kc6 79. Kc4 Qc5+ 80. Kd3 Qa3+ 81. Kc4 Qf8 82. Qg5 Qc5+ 83. Kd3 Qd5+ 84. Kc3 Qf3+ 85. Kd4 Qf2+ 86. Kc4 Qc2+ 87. Kd4 Qc5+ 88. Kd3 Qa3+ 89. Kc4 Qe3 90. Qf6 Qc5+ 91. Kd3 Qd5+ 92. Kc3 Qd7 93. Kc4 Kb6 94. Qg5 Qd5+ 95. Kc3 Kb5 96. Qf6 Qd7 97. Qh8 Kc5 98. Qf8+ Kb6 99. Qb8+ Qb7 100. Qxb7+ Kxb7 101. Kb3 Kc7 102. Kc3 Kd7 103.
Kd3 Ke7 104. Ke3 Kf8 105. Kd4 Kg7 106. Ke3 Kf8 107. Kd4 Kg7 108. Ke3 f6 109. exf6+ Kf7 110. Kf3 Kxf6 111. Ke4 Kf7 112. Kf3 Ke7 113.
Ke3 Kd8 114. Kd4 Kd7 115. Kd3 Kc6 116. Kc4 Kd7 117. Kd3 Ke7 118. Ke3 Kf7 119. Kf3 1/2-1/2

[Variant "Standard"]
[Site "Europe Echecs"]

[Event "Open Cappelle-la-Grande"]
[Date "2025.02.21"]
[White "Petriashvili, Nikoloz"]
[Black "Akhvlediani, Irakli"]
[WhiteElo "2450"]
[BlackElo "2369"]
[Round "9.9.9"]
[Result "1/2-1/2"]
[TimeControl "40/5400+30:1800+30"]

1. e4 c5 2. Nf3 e6 3. d4 cxd4 4. Nxd4 Nf6 5. Nc3 Nc6 6. Ndb5 Bb4 7. a3 Bxc3+ 8. Nxc3 d5 9. exd5 exd5 10. Bd3 O-O 11. O-O Bg4 12. f3 Bh5 13. Bg5 Qb6+ 14. Kh1 Ne4 15. Nxe4 dxe4 16. Bxe4 Qxb2 17. Rb1 Qxa3 18. Rxb7 Qa6 19. Rc7 Rac8 20. Rxc8 Rxc8 21. Qa1 Qxa1 22. Rxa1 Bg6 23. Bxc6 Rxc6 24. Rxa7 h6 25. Bf4 Rxc2 26. h3 Rc4 1/2-1/2

[Variant "Standard"]
[Site "Europe Echecs"]

[Event "Open Cappelle-la-Grande"]
[Date "2025.02.21"]
[White "Enchev, Ivajlo"]
[Black "Prraneeth Vuppala"]
[WhiteElo "2407"]
[BlackElo "2442"]
[Round "9.9.10"]
[Result "1/2-1/2"]
[TimeControl "40/5400+30:1800+30"]

1. d4 d5 2. Nf3 e6 3. c4 c6 4. g3 dxc4 5. Bg2 b5 6. Ne5 Bb4+ 7. Nc3 Ne7 8. O-O f6 9. Nf3 Nd5 10. Bd2 Nxc3 11. bxc3 Ba3 12. Bc1 Bxc1 13. Qxc1 Nd7 14. Nd2 Bb7 15. a4 a6 16. Qa3 Qe7 17. Rfb1 Qxa3 18. Rxa3 Ke7 19. Nxc4 bxc4 20. Rxb7 Kd6 21. a5 Rhb8 22. Rxb8 Rxb8 23. Ra4 Rb1+ 24. Bf1 c5 25. e3 e5 26. Kg2 exd4 27. exd4 cxd4 28. Rxc4 dxc3 29. Rxc3 Ke5 1/2-1/2

[Variant "Standard"]
[Site "Europe Echecs"]